 Dungeon Crawl Stone Soup version 0.20-a0-792-g09bcfd3 (webtiles) character file.

29 winWinterter the Slasher (level 3, -4/28 HPs)
             Began as a Demonspawn Gladiator on Feb 28, 2017.
             Killed by nerve-wracking pain
             ... invoked by Grinder
              (10 damage)
             ... while paralysed by Grinder
             ... on level 4 of the Dungeon.
             The game lasted 00:03:13 (859 turns).

winWinterter the Slasher (Demonspawn Gladiator)      Turns: 859, Time: 00:03:13

Health: -4/28      AC:  4    Str: 14    XL:     3   Next: 1%
Magic:  3/3        EV:  2    Int:  9    God:
Gold:   56         SH:  0    Dex: 15    Spells: 2/2 levels left

rFire    . . .     SeeInvis .   a - +0 long sword
rCold    . . .     Gourm    .   b - +0 leather armour
rNeg     . . .     Faith    .   e - +0 buckler
rPois    .         Spirit   .   c - +0 helmet
rElec    .         Reflect  .   (no cloak)
rCorr    .         Harm     .   (no gloves)
MR       .....                  (no boots)
Stlth    +.........             (no amulet)
Regen    0.1/turn               (no ring)
MPRegen  0.1/turn               (no ring)

@: paralysed
A: repulsion field 1, sense surroundings 1, powered by pain 1
a: no special abilities


You were on level 4 of the Dungeon.
You were not hungry.

You visited 1 branch of the dungeon, and saw 3 of its levels.

You collected 56 gold pieces.

Inventory:

Hand Weapons
 a - a +0 long sword (weapon)
Missiles
 d - 2 throwing nets (quivered)
Armour
 b - a +0 leather armour (worn)
 c - a +0 helmet (worn)
 e - a +0 buckler (worn)
Scrolls
 n - a scroll of enchant armour {unknown}
Potions
 m - a potion of heal wounds {unknown}
Comestibles
 f - a bread ration
 g - 2 royal jellies
 h - a meat ration


   Skills:
 * Level 2.4 Fighting
 * Level 3.3 Long Blades
 - Level 1.7 Throwing
 + Level 0.1 Armour
 + Level 2.9 Dodging


You had 2 spell levels left.
You didn't know any spells.

Dungeon Overview and Level Annotations

Branches:
Dungeon (2/15)

Altars:
Sif Muna

Annotations:
D:4 Grinder


Innate Abilities, Weirdness & Mutations

You are surrounded by a mild repulsion field. (EV +2)
You sometimes gain a little power by taking damage.
You passively map a small area around you.


Message History

You resist with significant effort. Grinder hits you but does no damage.
You barely miss Grinder.
Grinder is almost dead.
Grinder blinks!
You cannot move.
You feel less wooden.
Your +0 helmet unmelds from your body.
Your +0 leather armour unmelds from your body.
Grinder gestures at you.
You suddenly lose the ability to move!
Grinder hits you!
You writhe in agony.
Grinder says, "FISH!"
Grinder hits you but does no damage. Grinder gestures at you.
Pain shoots through your body! Grinder hits you.
You writhe in agony.
* * * LOW HITPOINT WARNING * * *
Grinder gestures at you. Pain shoots through your body!
You die...

######### , *
#######....(..#....#
#............(+....+
+.........###.#....#*
#.......).# #[#?...#
* ###...#+#.#
#.#....#
#.#.....###.#5...# ,
#.#.#.#...#@#....#
#.#.#.#.....5....+
#...# #.#.#.#....#*
#. .# #.#.#.#....# ,
* #.#.#.#....#
,#.#.#.######*
#.#.#.. , * #.#.### *
* #.#


You could see Grinder.

Vanquished Creatures
  2 dart slugs (D:1)
  A leopard gecko (D:1)
  A giant cockroach (D:1)
  5 goblins
  4 hobgoblins
  4 bats
  A frilled lizard (D:1)
  4 kobolds
22 creatures vanquished.

Notes
Turn   | Place    | Note
-------+----------+-------------------------------------------
     0 | D:1      | winWinterter the Demonspawn Gladiator began the quest for the Orb.
     0 | D:1      | Reached XP level 1. HP: 16/16 MP: 1/1
    50 | D:1      | Reached skill level 3 in Long Blades
    50 | D:1      | Gained mutation: You sometimes gain a little power by taking damage. [demonic ancestry]
    50 | D:1      | Reached XP level 2. HP: 16/22 MP: 2/2
   716 | D:2      | Gained mutation: You are surrounded by a mild repulsion field. (EV +2) [demonic ancestry]
   716 | D:2      | Reached XP level 3. HP: 23/28 MP: 3/3
   737 | D:2      | Found a deep blue altar of Sif Muna.
   790 | D:2      | You fall through a shaft for 2 floors!
   804 | D:4      | Noticed Grinder
   804 | D:4      | Paralysed by Grinder for 3 turns
   808 | D:4      | Gained mutation: You passively map a small area around you. [potion of mutation]
   808 | D:4      | Gained mutation: Your spells are a little easier to cast, but a little less powerful. [potion of mutation]
   808 | D:4      | Lost mutation: Your spells are a little easier to cast, but a little less powerful. [potion of mutation]
   815 | D:4      | Paralysed by Grinder for 4 turns
   822 | D:4      | Paralysed by Grinder for 7 turns
   845 | D:4      | Paralysed by Grinder for 2 turns
   853 | D:4      | Paralysed by Grinder for 7 turns
   859 | D:4      | Killed from afar by Grinder

Vault maps used:
D:1:      lemuel_arrival_rhombus
D:2:      lemuel_blue_sif_altar, nrook_mini_vaults, uniq_crazy_yiuf_cottage
D:4:      minmay_temple_entry_poolview, serial_shops, shop, st_stairs_8,
          grunt_ministairs_11, uniq_blork_the_orc, uniq_grinder, uniq_natasha

Skill      XL: |  1 |
---------------+----+-----
Long Blades    | 3 |  3.3
Fighting       | |  2.4
Throwing       | |  1.7
Armour         | |  0.1
Dodging        | |  2.9

Action                   || total
-------------------------++-------
Melee: Long sword        ||    75
Throw: Tomahawk          ||     2
       Throwing net      ||     1
  Use: Potion            ||     3
Armor: Leather armour    ||    30
       Skin              ||    12
Dodge: Dodged            ||    33
Block: Buckler           ||     7
       Rpst.: Long sword ||    11
